 Dungeon Crawl Stone Soup version 0.14-a0-1969-g2c76abe (webtiles) character file.

1074 Econoterrorist the Shield-Bearer (level 7, -2/50 HPs)
             Began as a High Elf Fighter on Jan 16, 2014.
             Slain by an ogre
             ... wielding a +0,+0 giant spiked club
              (20 damage)
             ... on Level 4 of the Dungeon.
             The game lasted 00:19:29 (6364 turns).

Econoterrorist the Shield-Bearer (High Elf Fighter) Turns: 6364, Time: 00:19:29

HP  -2/50        AC 13     Str 15      XL: 7   Next: 78%
MP  12/12        EV  1     Int 14      God:
Gold 179         SH 21     Dex 15      Spells:  0 memorised,  6 levels left

rFire  . . .     SeeInvis .     a - +0 elf falchion
rCold  . . .     Clarity  .     f - +0 plate armour
rNeg   . . .     Conserve .     c - +0 elf shield
rPois  .         rCorr    +     (no helmet)
rElec  .         rRot     .     m - +0 cloak
SustAb . .       Spirit   .     s - +0 pair of gloves
rMut   .         Warding  .     (no boots)
Saprov . . .     Stasis   .     u - amulet of resist corrosion
MR     .....                    (no ring)
                                (no ring)

@: not resistant to hostile enchantments, extremely unstealthy
A: no striking features
a: no special abilities


You were on level 4 of the Dungeon.
You were hungry.

You visited 1 branch of the dungeon, and saw 5 of its levels.

You collected 179 gold pieces.

Inventory:

Hand weapons
 a - a +0,+0 elven falchion (weapon)
Missiles
 w - a throwing net (quivered)
Armour
 b - a +0 elven scale mail
 c - a +0 elven shield (worn)
 f - a +0 plate armour (worn)
 m - a +0 cloak (worn)
 s - a +0 pair of gloves (worn)
Magical devices
 t - a wand of enslavement (8)
Comestibles
 d - 4 bread rations
 j - 5 chunks of centaur flesh
 r - 4 meat rations
Scrolls
 h - 2 scrolls of remove curse {unknown}
 i - a scroll of fear {unknown}
 n - a scroll of enchant weapon II {unknown}
 p - 2 scrolls of identify
 q - a scroll of curse armour {unknown}
 y - a scroll of fog {unknown}
 A - a scroll of enchant weapon I {unknown}
Jewellery
 u - an amulet of resist corrosion (around neck)
Potions
 e - 2 potions of curing
 g - a potion of flight {unknown}
 k - a potion of brilliance {unknown}
 v - a potion of restore abilities {unknown}
 x - a potion of poison {unknown}
Magical staves
 o - an uncursed staff of conjuration


   Skills:
 + Level 5.3 Fighting
 - Level 6.0 Long Blades
 - Level 2.6 Armour
 - Level 6.1 Shields


You had 6 spell levels left.
You didn't know any spells.

Dungeon Overview and Level Annotations

Branches:
Dungeon (5/16)
 Temple: D:4-7

Altars:
Elyvilon
Makhleb
Nemelex Xobeh
Sif Muna
Vehumet
Xom
the Shining One


Message History

Evoke which item? (* to show all) (? for menu, Esc to quit)
Zapping:
t - a wand of enslavement {zapped: 3}
Press: ? - help, Shift-Dir - straight line, f/p - ogre
Aim: an ogre, wielding a giant spiked club The ogre is charmed.
You swap places.
There is a white marble altar of Elyvilon here.
You are feeling hungry.
The ogre is no longer charmed.
You see here a scale mail.
You hit the ogre.
The ogre is lightly wounded.
You block the ogre's attack.
You slash the ogre!
The ogre is heavily wounded.
You block the ogre's attack.
You hit the ogre.
The ogre is heavily wounded.
The ogre hits you with a giant spiked club!
You die...

######............#########.#..
#...........###...# #.#..
###.####.##...###...#########.#..
..#.##........'.............#.#..
#.#.##.#.##...###.#########.#.#..
..#.>..#.##...# #.###.....#.#.#.#
#......#.##...# #.#.(.......#.#.#
#...##.#.##...###.#.#.###.#.#.#.#
...............O@.#(#...#.#.#.#.#
#.....#.###########.#.#.#.###.#.#
........# ####....#.#.#.#.# #.#.#
#(⌠.⌠.#.# #.....#.#.#.#.#.# #.#.#
........# #.##..#.#.#.#...# #.#.#
#.....#.###.....#.#.#.#######.#..
..._............#.#.#............
#.....#..###....#.#.#########.###
.........#......#.#.#............


You could see an ogre.

Vanquished Creatures
  A sky beast (D:5)
  2 centaurs (D:5)
  An iguana (D:5)
  3 hounds
  5 orc wizards
  4 worker ants (D:4)
  11 gnolls
  8 adders
  A giant mite (D:1)
  A worm (D:3)
  An adder skeleton (D:4)
  2 giant geckos (D:4)
  An ooze (D:4)
  17 orcs
  9 bats
  4 giant cockroaches
  9 hobgoblins
  2 quokkas
  2 ball pythons
  4 giant newts
  A giant newt zombie (D:5)
  15 goblins
  7 jackals (D:1)
  10 kobolds
  3 rats
124 creatures vanquished.

Notes
Turn   | Place    | Note
--------------------------------------------------------------
     0 | D:1      | Econoterrorist, the High Elf Fighter, began the quest for the Orb.
     0 | D:1      | Reached XP level 1. HP: 16/16 MP: 2/2
   131 | D:1      | Reached XP level 2. HP: 10/21 MP: 3/3
   359 | D:1      | Reached skill level 4 in Long Blades
   577 | D:1      | Reached XP level 3. HP: 26/26 MP: 5/5
  1240 | D:2      | Found a glowing golden altar of the Shining One.
  1241 | D:2      | Found a deep blue altar of Sif Muna.
  1242 | D:2      | Found a shimmering altar of Xom.
  1242 | D:2      | Found a radiant altar of Vehumet.
  1242 | D:2      | Found a burning altar of Makhleb.
  1242 | D:2      | Found a sparkling altar of Nemelex Xobeh.
  1322 | D:2      | Reached skill level 5 in Long Blades
  1362 | D:2      | Reached XP level 4. HP: 25/31 MP: 7/7
  1699 | D:2      | Reached skill level 6 in Long Blades
  2034 | D:2      | Reached XP level 5. HP: 26/36 MP: 8/8
  3736 | D:4      | Reached XP level 6. HP: 38/42 MP: 10/10
  4038 | D:4      | Reached skill level 5 in Shields
  5269 | D:4      | Reached XP level 7. HP: 41/46 MP: 12/12
  5292 | D:4      | Found a white marble altar of Elyvilon.
  5468 | D:5      | Entered Level 5 of the Dungeon
  6229 | D:5      | Reached skill level 5 in Fighting
  6364 | D:4      | Slain by an ogre

Action                   |  1- 3 |  4- 6 |  7- 9 || total
-------------------------+-------+-------+-------++-------
Melee: Falchion          |   124 |   397 |   161 ||   682
Evoke: Wand              |       |     1 |     3 ||     4
  Use: Potion            |       |     1 |     2 ||     3
       Scroll            |       |     1 |     1 ||     2
